 Dungeon Crawl Stone Soup version 0.23.0-3-gf3c87f2 (webtiles) character file.

Game seed: 12916529198280992239

350 Lanoc the Skirmisher (level 6, 0/49 HPs)
             Began as a Formicid Abyssal Knight on Feb 22, 2019.
             Was a Priest of Lugonu.
             Slain by a worker ant (5 damage)
             ... on level 5 of the Dungeon.
             The game lasted 00:07:42 (2785 turns).

Lanoc the Skirmisher (Formicid Abyssal Knight)      Turns: 2785, Time: 00:07:43

Health: 0/49       AC:  5    Str: 17    XL:     6   Next: 92%
Magic:  8/8        EV: 12    Int: 12    God:    Lugonu [***...]
Gold:   157        SH:  0    Dex: 13    Spells: 5/5 levels left

rFire    . . .     SeeInvis +   a - +1 spear
rCold    . . .     Gourm    .   (no shield)
rNeg     . . .     Faith    .   b - +0 leather armour
rPois    .         Spirit   .   (helmet unavailable)
rElec    .         Reflect  .   (no cloak)
rCorr    .         Harm     .   (no gloves)
MR       .....                  (no boots)
Stlth    ++........             (no amulet)
HPRegen  0.16/turn              r - ring of flight
MPRegen  0.11/turn              (no ring)

@: lethally poisoned (0 -> -8)
A: permanent stasis, dig shafts and tunnels, four strong arms, antennae 3,
iridescent scales 1, thin skeletal structure 1, deterioration 1
a: Dig, Shaft Self, Depart the Abyss, Bend Space, Banish, Renounce Religion,
Evoke Flight


You were on level 5 of the Dungeon.
You worshipped Lugonu.
Lugonu was most pleased with you.
You were not hungry.

You visited 1 branch of the dungeon, and saw 4 of its levels.
You visited the Abyss 1 time.

You collected 157 gold pieces.

Inventory:

Hand Weapons
 a - a +1 spear (weapon)
Missiles
 e - 47 sling bullets
 l - 40 bolts
Armour
 b - a +0 leather armour (worn)
Jewellery
 r - a ring of flight (left hand)
Scrolls
 d - a scroll of amnesia {unknown}
 f - 2 scrolls of teleportation
 h - a scroll of remove curse {unknown}
 j - a scroll of enchant armour {unknown}
 k - 2 scrolls of magic mapping {unknown}
 m - a scroll of blinking {unknown}
 n - a scroll of identify {unknown}
 o - a scroll of fear {unknown}
 p - a scroll of enchant weapon {unknown}
Potions
 g - a potion of flight
 q - a potion of mutation
Comestibles
 c - 6 rations


   Skills:
 + Level 4.4 Fighting
 * Level 4.2 Polearms
 + Level 3.6 Armour
 + Level 2.4 Dodging
 + Level 3.6 Invocations


You had 5 spell levels left.
You didn't know any spells.
Your spell library contained the following spells:

 Spells                   Type           Power        Failure   Level  Hunger
 Leda's Liquefaction      Hex/Erth       #.........   98%         4    #####..
 Bolt of Magma            Conj/Fire/Erth #.........   100%        5    ######.
 Iron Shot                Conj/Erth      #.........   100%        6    #######
 Statue Form              Tmut/Erth      #........    100%        6    #######
 Shatter                  Erth           #.........   100%        9    #######


Dungeon Overview and Level Annotations

Branches:
Dungeon (3/15)

Altars:


Innate Abilities, Weirdness & Mutations

You cannot be hasted, slowed, berserked, paralysed or teleported.
You can dig through walls and to a lower floor.
Your four strong arms can wield two-handed weapons with a shield.
You have a pair of large antennae on your head. (SInv)
You are partially covered in iridescent scales. (AC +2)
You have a somewhat thin skeletal structure. (Dex +2, Stealth)
Your body sometimes deteriorates upon taking damage.


Message History

You feel a strange sense of stasis.
It was a scroll of teleportation.
* * * LOW HITPOINT WARNING * * *
You feel sick. The worker ant barely misses you.
Okay, then.
Unknown command.
* * * LOW HITPOINT WARNING * * *
You feel sick. The worker ant barely misses you.
* * * LOW HITPOINT WARNING * * *
You feel sick.
* * * LOW HITPOINT WARNING * * *
You feel sick.
* * * LOW HITPOINT WARNING * * *
You feel sick.
Evoke which item? (* to show all) (? for menu, Esc to quit)
Okay, then.
Unknown command.
* * * LOW HITPOINT WARNING * * *
You feel sick. The worker ant bites you.
You die...

###....#..............
###................###
##....#...........).##
######.....###............#
#...>.......##........##..#
#...........##........##..#
#..##(####l..#........##...#
## #..# ##a..........###.##
.....##@..........##...#
##.................#.....
...............##...#...
..............###..##.##
...............##..##...
#.#................###..†
##........###......##..
#####.#...#####.......
#.......# ##.#.#.#


You could see a worker ant and a frilled lizard.

Vanquished Creatures
  A sky beast (D:5)
  A crimson imp (D:5)
  An orc wizard (D:5)
  2 bullfrog skeletons (D:5)
  A worker ant (D:5)
  Robin (D:2)
  2 adders
  An ooze (D:3)
  3 worms
  2 dart slugs (D:2)
  3 leopard geckos
  4 orcs (D:5)
  4 giant cockroaches
  11 goblins
  3 hobgoblins
  2 quokkas
  5 bats
  5 frilled lizards
  7 kobolds
  11 rats
70 creatures vanquished.

Notes
Turn   | Place    | Note
-------+----------+-------------------------------------------
     0 | Abyss:1  | Lanoc the Formicid Abyssal Knight began the quest for the
                  | Orb.
     0 | Abyss:1  | Reached XP level 1. HP: 18/18 MP: 2/2
    10 | D:1      | Escaped the Abyss
    22 | D:1      | Reached skill level 1 in Dodging
    32 | D:1      | Reached XP level 2. HP: 24/24 MP: 3/3
   249 | D:1      | Reached XP level 3. HP: 29/29 MP: 4/4
   488 | D:1      | You fall through a shaft!
   500 | D:2      | Reached ** piety under Lugonu
   573 | D:2      | Noticed Robin
   606 | D:2      | Killed Robin
   606 | D:2      | Reached XP level 4. HP: 13/35 MP: 4/6
  1305 | D:2      | Found a faded altar of an unknown god.
  1642 | D:3      | You fall through a shaft for 2 floors!
  1642 | D:5      | Entered Level 5 of the Dungeon
  1700 | D:5      | Reached XP level 5. HP: 10/42 MP: 5/7
  2234 | D:5      | Reached *** piety under Lugonu
  2234 | D:5      | Reached XP level 6. HP: 14/48 MP: 6/8
  2509 | D:5      | Noticed a sky beast
  2525 | D:5      | Killed a sky beast
  2777 | D:5      | Gained mutation: You have a somewhat thin skeletal
                  | structure. (Dex +2, Stealth) [potion of mutation]
  2777 | D:5      | Gained mutation: Your body sometimes deteriorates upon
                  | taking damage. [potion of mutation]
  2777 | D:5      | Gained mutation: You are partially covered in iridescent
                  | scales. (AC +2) [potion of mutation]
  2785 | D:5      | Slain by a worker ant

Skill      XL: |  1  2  3  4  5  6 |
---------------+-------------------+-----
Dodging        | 1 2 |  2.4
Polearms       | 3 4 |  4.2
Armour         | 3 |  3.6
Invocations    | 3 |  3.6
Fighting       | 4 |  4.4

Action                   |  1- 3 |  4- 6 || total
-------------------------+-------+-------++-------
Melee: Spear             |   116 |   244 ||   360
Throw: Throwing net      |       |     1 ||     1
Invok: Bend Space        |       |     3 ||     3
  Use: Potion            |     1 |     4 ||     5
       Scroll            |       |     1 ||     1
  Eat: Chunk             |       |     6 ||     6
Armor: Leather armour    |    29 |    36 ||    65
       Skin              |       |    27 ||    27
Dodge: Dodged            |    48 |   107 ||   155
